 Dungeon Crawl Stone Soup version 0.31-a0-105-gc0b45f0da6 (webtiles) character file.

Game seed: 10175283351145301200

52674 Colgate the Lord of Darkness (level 15, 0/193 (207) HPs)
             Began as a Meteoran Necromancer on May 27, 2023.
             Was the Champion of Kikubaaqudgha.
             Slain by a wolf spider zombie (12 damage)
             ... animated by the player character
             ... on level 3 of the Spider Nest.
             The game lasted 02:16:19 (5700 turns).

Colgate the Lord of Darkness (Meteoran Necromancer) Turns: 5700, Time: 02:16:20

HP:   0/193 (207)   AC: 34    Str: 10    XL:     15   Next: 46%
MP:   0/40          EV:  2    Int: 23    God:    Kikubaaqudgha [******]
Gold: 472           SH:  0    Dex: 17    Spells: 9/36 levels left

rFire   . . .        b - +3 glaive (protect)
rCold   . . .        (shield currently unavailable)
rNeg    . . .        v - melded +2 ring mail "Qogik" {rElec rF+ Int+7 Slay-5}
rPois   +            k - melded +1 helmet
rElec   .            p - melded +2 cloak
rCorr   .            R - melded +0 pair of gloves
SInv    +            d - melded +0 pair of boots
Will    +....        C - amulet of regeneration
Stlth   +            y - ring of magical power
HPRegen 1.32/turn    j - ring of see invisible
MPRegen 0.27/turn

%: no passive effects
@: confused, tree-form, ambrosia-drunk, spiked, under a protective aura,
animating dead, hasted, glowing, drained, very quick
A: stationary, stasis, torment immunity, boosted hp, sense surroundings 2,
otherworldly, glowing, explore regen
a: Renounce Religion, Unearth Wretches, Torment, Brand Weapon With Pain, Receive
Forbidden Knowledge


You were on level 3 of the Spider Nest.
You worshipped Kikubaaqudgha.
Kikubaaqudgha was exalted by your worship.
You were a tree.
You visited 6 branches of the dungeon, and saw 24 of its levels.
You also visited: Bailey.

You collected 912 gold pieces.
You spent 440 gold pieces at shops.

Inventory:

Hand Weapons
 a - a +4 scimitar
 b - a +3 glaive of protection (weapon)
 M - a +0 arbalest
 O - a +2 vampiric trident
Armour
 d - a +0 pair of boots (melded)
 k - a +1 helmet (melded)
 p - a +2 cloak (melded)
 v - the +2 ring mail "Qogik" (melded) {rElec rF+ Int+7 Slay-5}
   (You found it on level 5 of the Dungeon)

   Int:       It affects your intelligence (+7).
   Slay:      It affects your accuracy & damage with ranged weapons and melee
   (-5).
   rF:        It protects you from fire.
   rElec:     It insulates you from electricity.
 H - a +1 plate armour of cold resistance
 L - a +1 robe of cold resistance
 N - a +0 plate armour of willpower
 R - a +0 pair of gloves (melded)
 U - a +3 leather armour of cold resistance
Jewellery
 h - a ring of ice
 j - a ring of see invisible (right branch)
 l - a +4 ring of protection
 y - a ring of magical power (left branch)
 B - a +6 ring of strength
 C - an amulet of regeneration (around neck)
 Q - an amulet of the acrobat
Wands
 x - a wand of flame (4)
 A - a wand of paralysis (4)
 F - a wand of mindburst (3)
Scrolls
 m - a scroll of torment
 o - 4 scrolls of butterflies
 q - a scroll of brand weapon {unknown}
 t - a scroll of poison {unknown}
 I - a scroll of magic mapping {unknown}
 T - a scroll of amnesia {unknown}
Potions
 c - a potion of lignification
 g - 2 potions of enlightenment
 i - a potion of might {@q3}
 r - 2 potions of cancellation
 w - a potion of degeneration
 z - a potion of berserk rage {unknown}
 K - 3 potions of haste {@q4}
 P - a potion of invisibility
Miscellaneous
 D - a condenser vane (inert)
 G - a phantom mirror (inert)


   Skills:
 - Level 14.0 Fighting
 - Level 10.0 Armour
 - Level 7.9 Dodging
 - Level 1.4 Stealth
 - Level 11.0 Spellcasting
 + Level 16.4 Necromancy
 - Level 6.8 Earth Magic
 - Level 6.3 Poison Magic
 - Level 5.2 Evocations


You had 9 spell levels left.
You knew the following spells:

 Your Spells              Type           Power      Damage    Failure   Level
a - Necrotise             Necr           100%       1d9       0%          1
b - Vampiric Draining     Necr           73%        2d11      1%          3
c - Animate Dead          Necr           73%        N/A       1%          4
d - Sublimation of Blood  Necr           73%        N/A       0%          2
e - Dispel Undead         Necr           73%        3d24      1%          4
f - Borgnjor's Vile Clut  Necr/Erth      28%        N/A       1%          5
g - Anguish               Hex/Necr       22%        N/A       3%          4
h - Olgreb's Toxic Radia  Pois           41%        N/A       3%          4

Your spell library contained the following spells:

 Spells                   Type           Power      Damage    Failure   Level
 Kiss of Death            Conj/Necr      100%       2d13      1%          1
 Agony                    Necr           73%        N/A       1%          5
 Slow                     Hex            48%        N/A       4%          1
 Wereblood                Tmut           12%        N/A       8%          2
 Confusing Touch          Hex            12%        N/A       16%         3
 Gell's Gravitas          Tloc           12%        N/A       16%         3
 Ozocubu's Armour         Ice            12%        N/A       16%         3
 Teleport Other           Tloc           12%        N/A       16%         3
 Airstrike                Air            6%         2d(1-17)  45%         4
 Fulminant Prism          Conj/Hex       3%         3d5       65%         4
 Dispersal                Tloc           6%         N/A       100%        6
 Ozocubu's Refrigeration  Ice            6%         4d8       100%        7
 Summon Hydra             Summ           6%         N/A       100%        7


Dungeon Overview and Level Annotations

Branches:
Dungeon (12/15) Zot: 4776  Temple (1/1) D:4 Zot: 354    Lair (5/5) D:11 Zot: 1641
 Spider (3/4) Lair:3 Zot: 1193   Slime (0/5) Lair:4          Orc (2/2) D:9 Zot: 131
    Elf (1/3) Orc:2 Zot: 554  Bailey (visited)
  Swamp: Lair:2-3    Shoals: Lair:2-3

Altars:
Ashenzari
Cheibriados
Dithmenos
Elyvilon
Gozag
Kikubaaqudgha
Makhleb
Nemelex Xobeh
Okawaru
Qazlal
Ru
Sif Muna
Trog
Uskayaw
Vehumet
Wu Jian
Yredelemnul

Shops:
D:4 (   Orc:1 *


Innate Abilities, Weirdness & Mutations

You are a tree.
Your roots penetrate the ground, keeping you stationary.
You cannot be teleported.
You are immune to unholy pain and torment.
Your maximum health is greatly increased.
Your equipment is partially melded.
You passively map the area around you.
You are easily found by Zot.
You glow in the dark.
You regain HP and MP as you explore.


Message History

* * * LOW HITPOINT WARNING * * *
The wolf spider zombie bites you but does no damage.
Your redback zombie barely misses the ghost moth.
The redback zombie is healed somewhat.
The ghost moth stares at you.
You feel your power leaking away. The ghost moth hits you.
* * * LOW HITPOINT WARNING * * *
The ghost moth barely misses you. The ghost moth stings you.
* * * LOW HITPOINT WARNING * * *
You cannot move. (Use ctrl+direction or * direction to attack while stationary and confused.) Are you sure you want to swing wildly while confused and next to your redback zombie?
You nearly hit yourself!
The pharaoh ant closely misses your jumping spider zombie.
Your jumping spider zombie is engulfed in blazing flames.
Your jumping spider zombie pounces on the pharaoh ant.
Your jumping spider zombie bites the pharaoh ant.
The redback zombie bites you but does no damage.
The orb spider closely misses your jumping spider zombie.
The wolf spider zombie hits you but does no damage.
The wolf spider zombie bites you but does no damage.
The redback zombie is healed somewhat.
Your redback zombie bites the ghost moth!
Okay, then.
Are you sure you want to swing wildly while confused and next to your redback zombie?
You miss the tarantella zombie.
The tarantella looks more healthy.
The tarantella touches your redback zombie!
Your redback zombie appears confused.
Your redback zombie bites you but does no damage.
The pharaoh ant bites your jumping spider zombie!!
Your jumping spider zombie is destroyed!
The ghost moth stares at you.
You feel your power leaking away.
The ghost moth hits you but does no damage. x2
The ghost moth stings you but does no damage.
The tarantella zombie hits you but does no damage.
The redback zombie bites you but does no damage.
The wolf spider zombie hits you!
You die...
Kikubaaqudgha rasps: "You have failed me!
Welcome... death!"

###..§.#......#.^.....
##..............$......
#......^...#......)....
#.......#.....°.. ...
#..(....§..........^.
#..#.§#°s.Z..... *,,
#^≈~§§§☼#..### , ,
##≈~§§ZZBs...# ,,
#≈≈~~§y♣Z#..°# ,
#≈≈≈≈§ZZZ.§§....
##≈≈≈§§§§§...^.. ,,
######~^#...... , ,
#####^...# * .^... , *
,..., ,, * ,..,, *, *


You could see a ghost moth (invisible), an orb spider (poisoned), a pharaoh ant
(unaware), a tarantella (ally target), a wolf spider zombie, a tarantella
zombie, a redback zombie (inner flame, ally target), a friendly wolf spider
zombie and 2 friendly redback zombies.

Vanquished Creatures
  2 ghost moths
  An entropy weaver (Spider:3)
  Fannar (Orc:1)
  A jorogumo (Spider:3)
  3 two-headed ogres
  An orc high priest (Orc:1)
  A pharaoh ant (Spider:2)
  An orb spider (Spider:3)
  A wizard (Orc:2)
  2 steelbarb worms
  4 deep elf pyromancers (Elf:1)
  2 orc knights
  3 deep elf zephyrmancers (Elf:1)
  An oklob plant (D:11)
  5 wolf spiders
  9 elephants
  Maurice (D:8)
  3 black mambas
  2 demonic crawlers (Spider:3)
  4 komodo dragons
  3 cane toads
  4 rime drakes
  2 redback zombies (Spider:3)
  3 trolls
  A polar bear (Lair:4)
  A demonic crawler zombie (Spider:3)
  4 tarantellas
  12 blink frogs
  2 culicivora zombies (Spider:3)
  A jumping spider zombie (Spider:3)
  A tarantella zombie (Spider:3)
  7 jumping spiders
  Sigmund (D:4)
  6 culicivoras
  3 wyverns
  A vampire (D:9)
  23 yaks
  2 basilisks
  19 redbacks
  2 steam dragons
  2 wargs (Orc:1)
  5 water moccasins
  A hell hound (Lair:5)
  17 orc warriors
  3 black bears
  12 ogres
  2 wolves (Lair:5)
  A centaur (D:8)
  A phantom (D:5)
  3 kobold brigands
  10 bullfrogs
  A gnoll sergeant (D:9)
  2 scorpions
  A wight (D:5)
  A troll zombie (D:9)
  9 killer bees (D:9)
  2 howler monkeys
  10 orc priests
  2 jellies (D:8)
  2 sleepcaps (D:5)
  11 orc wizards
  6 gnolls
  3 adders
  A white imp (D:5)
  A worm (D:3)
  34 orcs
  3 bats
  3 endoplasms
  3 goblins
  A hobgoblin (D:1)
  3 jackals (D:4)
  9 kobolds
  A quokka (D:1)
  6 ball pythons
  3 rats
321 creatures vanquished.

Vanquished Creatures (collateral kills)
  A deep elf pyromancer (Bailey)
  5 elephants
  2 black mambas (Lair:5)
  3 cane toads (Lair:5)
  A demonic crawler (Spider:2)
  An orb spider zombie (Spider:3)
  3 redback zombies (Spider:3)
  2 tarantellas (Spider:1)
  7 blink frogs (Lair:5)
  2 jumping spiders (Spider:2)
  2 culicivoras (Spider:2)
  14 yaks
  A wyvern (Lair:5)
  2 redbacks
  3 water moccasins (Lair:5)
  An orc warrior (Orc:2)
  A phantom (D:6)
  An orc priest (D:8)
  3 orcs
  2 kobolds (D:1)
57 creatures vanquished.

Vanquished Creatures (others)
  A hydra (Lair:5)
  2 wolf spiders (Spider:1)
  An elephant (Lair:5)
  3 redback zombies (Spider:2)
  A cane toad (Lair:5)
  4 jumping spider zombies
  3 culicivora zombies
  A blink frog (Lair:5)
  A yak (Lair:5)
  2 cane toad zombies (Lair:5)
  5 blink frog zombies (Lair:5)
  2 elephant zombies (Lair:5)
  A water moccasin zombie (Lair:1)
  4 yak zombies
  An orc wizard (D:8)
  A human zombie (D:8)
  A steam dragon zombie (Lair:3)
  An orc (D:8)
  9 orc zombies
44 creatures vanquished.

Grand Total: 422 creatures vanquished

Notes
Turn   | Place    | Note
-------+----------+-------------------------------------------
     0 | D:1      | Colgate the Meteoran Necromancer began the quest for the
                  | Orb.
     0 | D:1      | Reached XP level 1. HP: 14/14 MP: 5/5
    31 | D:1      | Reached XP level 2. HP: 20/20 MP: 1/7
   166 | D:3      | Reached XP level 3. HP: 26/26 MP: 6/8
   170 | D:3      | Learned a level 3 spell: Vampiric Draining
   218 | D:4      | Reached skill level 5 in Necromancy
   224 | D:4      | Found a staircase to the Ecumenical Temple.
   225 | D:4      | Noticed a black bear
   226 | D:4      | Noticed Sigmund
   235 | Temple   | Entered the Ecumenical Temple
   240 | Temple   | Killed a black bear
   241 | Temple   | Reached skill level 6 in Necromancy
   241 | Temple   | Reached XP level 4. HP: 22/33 MP: 0/9
   241 | Temple   | Reached XP level 5. HP: 26/38 MP: 0/10
   415 | Temple   | Became a worshipper of Kikubaaqudgha
   440 | Temple   | Learned a level 4 spell: Animate Dead
   477 | D:4      | Killed Sigmund
   478 | D:4      | Reached XP level 6. HP: 34/52 MP: 1/11
   525 | D:4      | Found Ledwehatz's Antique Weapon Boutique.
   568 | D:4      | Noticed a black bear
   580 | D:4      | Killed a black bear
   581 | D:4      | Reached skill level 5 in Fighting
   581 | D:4      | Reached XP level 7. HP: 27/61 MP: 2/12
   706 | D:5      | Entered Level 5 of the Dungeon
   859 | D:5      | Identified the +2 ring mail "Qogik" {rElec rF+ Int+7
                  | Slay-5}
   985 | D:6      | Reached skill level 1 in Armour
   985 | D:6      | Reached XP level 8. HP: 54/70 MP: 13/16
  1011 | D:5      | Reached * piety under Kikubaaqudgha
  1011 | D:5      | Received a gift from Kikubaaqudgha
  1012 | D:5      | Reached skill level 5 in Spellcasting
  1076 | D:6      | Reached skill level 7 in Necromancy
  1141 | D:8      | Noticed Maurice
  1167 | D:8      | Killed Maurice
  1168 | D:8      | Gained mutation: You passively map the area around you.
                  | [Meteoran growth]
  1168 | D:8      | Reached XP level 9. HP: 63/75 MP: 12/20
  1171 | D:8      | Learned a level 2 spell: Sublimation of Blood
  1182 | D:8      | Your ally Maurice died
  1213 | D:8      | Reached skill level 8 in Necromancy
  1336 | D:8      | Reached skill level 9 in Necromancy
  1381 | D:8      | Found a flagged portal.
  1403 | Bailey   | Entered a bailey
  1465 | Bailey   | Reached skill level 10 in Necromancy
  1473 | Bailey   | Found a large runed translucent door.
  1473 | Bailey   | Found a large runed translucent door.
  1474 | Bailey   | Noticed a deep elf pyromancer
  1484 | Bailey   | Noticed an orc knight
  1534 | Bailey   | Killed an orc knight
  1535 | Bailey   | Reached skill level 5 in Evocations
  1535 | Bailey   | Reached XP level 10. HP: 79/83 MP: 21/21
  1562 | Bailey   | Killed a deep elf pyromancer
  1857 | D:9      | Reached skill level 11 in Necromancy
  2026 | D:9      | Found a staircase to the Orcish Mines.
  2035 | Orc:1    | Entered Level 1 of the Orcish Mines
  2098 | D:9      | Reached ** piety under Kikubaaqudgha
  2112 | Orc:1    | Reached skill level 10 in Spellcasting
  2125 | Orc:1    | Found Zouzerim's Gadget Gallery.
  2168 | Orc:1    | Noticed Fannar
  2235 | Orc:1    | Killed Fannar
  2236 | Orc:1    | Reached XP level 11. HP: 39/89 MP: 3/26
  2255 | Orc:2    | Entered Level 2 of the Orcish Mines
  2297 | Orc:2    | Noticed an orc knight
  2344 | Orc:2    | Noticed an orc high priest
  2355 | Orc:1    | Killed an orc knight
  2431 | Orc:1    | Killed an orc high priest
  2534 | Orc:2    | Reached skill level 10 in Armour
  2552 | Orc:2    | Found a staircase to the Elven Halls.
  2631 | Elf:1    | Entered Level 1 of the Elven Halls
  2631 | Elf:1    | Noticed a deep elf pyromancer
  2631 | Elf:1    | Noticed a deep elf zephyrmancer
  2631 | Elf:1    | Noticed a deep elf zephyrmancer
  2631 | Elf:1    | Noticed a deep elf pyromancer
  2631 | Elf:1    | Noticed a deep elf pyromancer
  2636 | Elf:1    | Killed a deep elf pyromancer
  2638 | Elf:1    | Noticed a deep elf zephyrmancer
  2640 | Elf:1    | Killed a deep elf zephyrmancer
  2641 | Elf:1    | Killed a deep elf pyromancer
  2643 | Elf:1    | Noticed a deep elf pyromancer
  2644 | Elf:1    | Killed a deep elf pyromancer
  2648 | Elf:1    | Killed a deep elf zephyrmancer
  2649 | Elf:1    | Reached XP level 12. HP: 103/103 MP: 8/27
  2651 | Elf:1    | Killed a deep elf pyromancer
  2656 | Elf:1    | Noticed a deep elf pyromancer
  2658 | Elf:1    | Killed a deep elf zephyrmancer
  2663 | Elf:1    | Noticed a deep elf archer
  2664 | Elf:1    | Noticed a wizard
  2713 | Elf:1    | Noticed a deep elf zephyrmancer
  2714 | Elf:1    | Noticed a deep elf archer
  2719 | Orc:2    | Killed a wizard
  2746 | Elf:1    | Noticed a deep elf pyromancer
  2747 | Elf:1    | Noticed a deep elf zephyrmancer
  2756 | Orc:2    | Noticed an orc knight
  2767 | Orc:2    | Reached *** piety under Kikubaaqudgha
  2767 | Orc:2    | Received a gift from Kikubaaqudgha
  2768 | Orc:2    | Reached skill level 10 in Fighting
  2910 | Orc:2    | Noticed an ogre mage
  2910 | Orc:2    | Noticed a deep troll
  2949 | Orc:1    | Learned a level 4 spell: Dispel Undead
  2955 | Orc:1    | Learned a level 5 spell: Borgnjor's Vile Clutch
  2965 | Orc:1    | Bought a condenser vane for 440 gold pieces
  3004 | Orc:1    | Reached skill level 1 in Earth Magic
  3006 | Orc:1    | HP: 4/107 [ogre/+0 giant club (16)]
  3197 | D:10     | Entered Level 10 of the Dungeon
  3199 | D:10     | Noticed a two-headed ogre
  3216 | D:9      | Killed a two-headed ogre
  3250 | D:9      | Reached skill level 5 in Earth Magic
  3308 | D:10     | Noticed a two-headed ogre
  3313 | D:10     | Killed a two-headed ogre
  3360 | D:10     | Reached **** piety under Kikubaaqudgha
  3630 | D:11     | Found a staircase to the Lair.
  3656 | Lair:1   | Entered Level 1 of the Lair of Beasts
  3720 | D:11     | Reached XP level 13. HP: 58/114 MP: 28/29
  3747 | D:11     | Reached skill level 5 in Dodging
  3765 | D:11     | Noticed a two-headed ogre
  3774 | D:11     | Killed a two-headed ogre
  3941 | Lair:1   | Reached skill level 12 in Necromancy
  4115 | Lair:3   | Reached ***** piety under Kikubaaqudgha
  4116 | Lair:3   | Reached skill level 13 in Necromancy
  4171 | Lair:3   | Learned a level 4 spell: Anguish
  4316 | Lair:4   | You fall into a shaft and drop 1 floor!
  4316 | Lair:5   | Entered Level 5 of the Lair of Beasts
  4325 | Lair:5   | Reached skill level 14 in Necromancy
  4351 | Lair:5   | Reached XP level 14. HP: 122/122 MP: 12/30
  4427 | Lair:5   | Reached skill level 15 in Necromancy
  4480 | Lair:5   | Found an ancient bone altar of Kikubaaqudgha.
  4530 | Lair:5   | Got Sirekogo's Thaumaturgy, and How To Use It
  5030 | Lair:3   | Found a hole to the Spider Nest.
  5102 | Spider:1 | Entered Level 1 of the Spider Nest
  5261 | Spider:2 | Reached skill level 1 in Poison Magic
  5336 | Spider:2 | Reached ****** piety under Kikubaaqudgha
  5357 | Spider:2 | Learned a level 4 spell: Olgreb's Toxic Radiance
  5406 | Spider:2 | Reached skill level 5 in Poison Magic
  5407 | Spider:2 | Reached XP level 15. HP: 138/138 MP: 23/31
  5547 | Spider:2 | Noticed a ghost moth
  5573 | Spider:2 | Killed a ghost moth
  5631 | Spider:3 | Noticed a ghost moth
  5645 | Spider:3 | Noticed a ghost moth
  5684 | Spider:3 | Killed a ghost moth
  5689 | Spider:3 | Reached skill level 16 in Necromancy
  5692 | Spider:3 | HP: 2/132 [jorogumo/bolt of negative energy (25)]
  5697 | Spider:3 | HP: 9/193 [ghost moth (6)]
  5698 | Spider:3 | HP: 4/193 [ghost moth (1)]
  5700 | Spider:3 | Slain by a wolf spider zombie

Illustrated notes

Levels and vault maps discovered:
D:1:      amcnicky_arrival_wind_blow, layout_basic, minmay_close_crescents
D:2:      layout_loops_ring, minmay_tetromino_s2
D:3:      layout_basic, serial_shops, nicolae_shop_tiny_real_fake_doors
D:4:      layout_loops_corners, minmay_temple_entry_waves, serial_shops,
          nicolae_shop_tiny_statue_garden, mrwooster_statue_mirror,
          kennysheep_pointless_box, uniq_sigmund
D:5:      layout_rooms, uniq_blork_the_orc
D:6:      minmay_diamond_boxcup, layout_loops_cross,
          grunt_temple_overflow_diamond
D:7:      layout_loops_corners, regret_index_temple_of_mockery
D:8:      minmay_evil_eye, layout_rooms, enter_bailey_7, uniq_maurice
D:9:      layout_long_grid, orc_0_dummy, serial_glass, glass_columns_a,
          glass_columns_a
D:10:     layout_cave_pools
D:11:     layout_gridville, dpeg_oklobed_lair, minmay_misc_feat_chi
D:12:     layout_stronghold, serial_shops, nicolae_shop_bloodbath_and_beyond,
          uniq_kirke, uniq_psyche
Temple:   nicolae_temple_bog_church
Lair:1:   layout_hall_layers, worms_lemuel, grunt_megastairs_3
Lair:2:   layout_cave_pods, swamp_mist, gammafunk_ghost_ooze,
          grunt_megastairs_5, serial_bayou_shore_a, uniq_sonja, uniq_maggie
Lair:3:   layout_cave_pods, spider_nest_entry_rubble
Lair:4:   layout_cave_pods, dpeg_slime_entry_enclosed, minivault_19,
          lemuel_fruit_tree, serial_bayou_shore_b, grunt_megastairs_2
Lair:5:   hangedman_lair_caniforms_friends, layout_regular_city, basic_altar,
          st_stairs_7
Spider:1: layout_spider_delve, hangedman_spider_tarantella_strand
Spider:2: layout_cave_pods
Spider:3: layout_spider_delve
Orc:1:    layout_caves, nicolae_shop_gadgets, uniq_fannar
Orc:2:    st_orc_open, layout_caves
Elf:1:    eino_elf_arrival_sip, layout_loops_corners, hangedman_elf_disciples

Skill      XL: |  1  2  3  4  5  6  7  8  9 10 11 12 13 14 15 |
---------------+----------------------------------------------+-----
Spellcasting   | 3 4 7 10 11 | 11.0
Necromancy     | 6 7 10 11 14 15 16 | 16.4
Fighting       | 4 5 8 10 14 | 14.0
Armour         | 1 3 6 10 | 10.0
Evocations     | 5 |  5.2
Earth Magic    | 6 |  6.8
Dodging        | 4 7 |  7.9
Poison Magic   | 5 6 |  6.3
Stealth        | |  1.4

Action                     |  1- 3 |  4- 6 |  7- 9 | 10-12 | 13-15 || total
---------------------------+-------+-------+-------+-------+-------++-------
  Melee: Dagger            |     3 |       |       |       |       ||     3
         Short sword       |     2 |    11 |       |       |       ||    13
         Halberd           |       |     3 |    90 |       |       ||    93
         Scimitar          |       |       |    53 |    43 |       ||    96
         Glaive            |       |       |       |   142 |   124 ||   266
   Cast: Necrotise         |    26 |     6 |    47 |    81 |    31 ||   191
         Vampiric Draining |     2 |     5 |    33 |   229 |    67 ||   336
         Animate Dead      |       |       |     7 |     8 |    10 ||    25
         Sublimation of Bl |       |       |       |     6 |    22 ||    28
         Borgnjor's Vile C |       |       |       |     7 |   117 ||   124
         Anguish           |       |       |       |       |     8 ||     8
         Olgreb's Toxic Ra |       |       |       |       |     6 ||     6
 Invoke: Unearth Wretches  |       |       |     1 |       |       ||     1
  Evoke: Wand              |       |       |     9 |    14 |     7 ||    30
         Phantom mirror    |       |       |       |     1 |     1 ||     2
         Condenser vane    |       |       |       |       |     1 ||     1
    Use: Scroll            |       |       |     1 |     4 |    18 ||    23
         Potion            |       |       |       |     3 |    10 ||    13
   Stab: Paralysed         |       |       |    17 |       |       ||    17
         Distracted        |       |       |     1 |       |     1 ||     2
 Armour: Robe              |    12 |     8 |    13 |       |       ||    33
         Ring mail         |       |       |    73 |   360 |   176 ||   609
         Skin              |       |       |       |     9 |    20 ||    29
  Dodge: Dodged            |    17 |     7 |    92 |   340 |   213 ||   669

Table legend: (Time is in decaauts)
 A = Elapsed time spent in this place.
 B = Non-inter-level travel time spent in this place.
 C = Inter-level travel time spent in this place.
 D = Time resting spent in this place.
 E = Time spent auto-exploring this place.
 F = Levels seen in this place.
 G = Mean time per level.
                   A        B        C        D        E       F      G
               +--------+--------+--------+--------+--------+-----+--------+
         Total |   6048 |   6027 |     21 |     27 |    166 |  25 |  241.9 |
       Dungeon |   2423 |   2420 |      3 |      0 |      0 |  12 |  201.9 |
        Temple |    245 |    227 |     18 |      0 |    166 |   1 |  245.0 |
          Lair |   1358 |   1358 |      0 |      0 |      0 |   5 |  271.6 |
   Spider Nest |    604 |    604 |      0 |      0 |      0 |   3 |  201.3 |
  Orcish Mines |   1068 |   1068 |      0 |     27 |      0 |   2 |  534.0 |
   Elven Halls |     45 |     45 |      0 |      0 |      0 |   1 |   45.0 |
        Bailey |    301 |    301 |      0 |      0 |      0 |   1 |  301.0 |
               +--------+--------+--------+--------+--------+-----+--------+

Top non-repeatable levels by time:
     D:9: 742 daAuts
   Orc:1: 671 daAuts
  Lair:3: 536 daAuts
  Lair:5: 492 daAuts
Spider:2: 436 daAuts
   Orc:2: 397 daAuts
     D:8: 329 daAuts
     D:5: 306 daAuts
  Bailey: 301 daAuts
     D:4: 264 daAuts
  Temple: 245 daAuts
    D:11: 228 daAuts
  Lair:1: 186 daAuts
    D:10: 180 daAuts
     D:6: 126 daAuts
